 Dungeon Crawl Stone Soup version 0.27-a0-216-g1fbed8a51c (webtiles) character file.

Game seed: 17880319130545968382

34 knot the Chopper (level 3, 29/29 HPs)
             Began as a Demonspawn Berserker on Feb 1, 2021.
             Was a Follower of Trog.
             Quit the game on level 2 of the Dungeon.
             The game lasted 00:01:18 (1248 turns).

knot the Chopper (Demonspawn Berserker)             Turns: 1248, Time: 00:01:18

Health: 29/29      AC: 13    Str: 17    XL:     3   Next: 14%
Magic:  3/3        EV: 11    Int:  9    God:    Trog [*.....]
Gold:   38         SH:  0    Dex: 12    Spells: 2/2 levels left

rFire    . . .     SeeInvis .   n - +0 trident (protect)
rCold    . . .     Faith    .   (no shield)
rNeg     . . .     Spirit   .   h - +0 ring mail
rPois    .         Reflect  .   (no helmet)
rElec    .         Harm     .   (no cloak)
rCorr    .         Rampage  .   (no gloves)
Will     .....                  l - +0 pair of boots (curse)
Stlth    +.........             (no amulet)
HPRegen  0.09/turn              (no ring)
MPRegen  0.08/turn              (no ring)

@: protection aura
A: hooves 1, sturdy frame 1
a: Renounce Religion, Berserk


You were on level 2 of the Dungeon.
You worshipped Trog.
Trog was aware of your devotion.
You visited 1 branch of the dungeon, and saw 2 of its levels.

You collected 38 gold pieces.

Inventory:

Hand Weapons
 a - a +0 hand axe
 n - a +0 trident of protection (weapon)
Missiles
 b - 53 stones
Armour
 h - a +0 ring mail (worn)
 l - a cursed +0 pair of boots (worn)
Scrolls
 e - a scroll of fear {unknown}
 g - a scroll of teleportation {unknown}
 i - a scroll of amnesia {unknown}
 j - a scroll of blinking {unknown}
 m - a scroll of random uselessness {unknown}
Potions
 c - a potion of ambrosia {unknown}
 d - a potion of lignification {unknown}
 f - 3 potions of degeneration {unknown}
 k - 2 potions of curing {unknown}


   Skills:
 - Level 3.0 Fighting
 + Level 3.9 Axes
 - Level 1.7 Armour
 - Level 1.7 Dodging


You had 2 spell levels left.
You didn't know any spells.
Your spell library was empty.

Dungeon Overview and Level Annotations

Branches:
Dungeon (2/15)

Altars:
Okawaru


Innate Abilities, Weirdness & Mutations

You have large cloven feet.
Your movements are slightly less encumbered by armour. (ER -2)


Message History

You puncture the adder!
Your weapon exudes an aura of protection.
The adder is severely wounded.
The adder bites you but does no damage.
You miss the adder.
The adder is severely wounded.
The adder closely misses you. The adder barely misses you.
You closely miss the adder.
The adder is severely wounded.
The adder bites you but does no damage.
You hit the adder.
Your weapon exudes an aura of protection.
You kill the adder!
Trog accepts your kill.
You have reached level 3!
Your experience leads to an increase in your attributes!
Increase (S)trength, (I)ntelligence, or (D)exterity?
You feel clever.
Your demonic ancestry asserts itself...
Your feet thicken and deform.
Are you sure you want to abandon this character and quit the game? (Confirm with "yes".)

#...... ####..(..
#........ #.......
#....... #......#
#....†# #....@# ..
#.....# +# <..
#.....######.# ....
#............#. ......
##.....................
#......................
#............... ).....
#......(........ ......
#.............####+#...


There were no monsters in sight!

Vanquished Creatures
  An adder (D:2)
  A dart slug (D:1)
  A leopard gecko (D:1)
  A giant cockroach (D:1)
  4 goblins
  3 hobgoblins
  2 jackals (D:1)
  2 kobolds
  A quokka (D:2)
  A frilled lizard (D:1)
  2 rats (D:1)
19 creatures vanquished.

Notes
Turn   | Place    | Note
-------+----------+-------------------------------------------
     0 | D:1      | knot the Demonspawn Berserker began the quest for the Orb.
     0 | D:1      | Reached XP level 1. HP: 18/18 MP: 1/1
   510 | D:1      | Gained mutation: Your movements are slightly less
                  | encumbered by armour. (ER -2) [demonic ancestry]
   510 | D:1      | Reached XP level 2. HP: 24/24 MP: 2/2
  1073 | D:2      | Found an iron altar of Okawaru.
  1248 | D:2      | Gained mutation: You have large cloven feet. [demonic
                  | ancestry]
  1248 | D:2      | Reached XP level 3. HP: 29/29 MP: 3/3
  1248 | D:2      | Quit the game

Illustrated notes

Levels and vault maps discovered:
D:1:      tarquinn_simple_flora_water_c, layout_loops_ring
D:2:      layout_basic, lemuel_doored_altar, okawaru_trees_2

Skill      XL: |  1 |
---------------+----+-----
Axes           | 3 |  3.9
Fighting       | |  3.0
Armour         | |  1.7
Dodging        | |  1.7

Action                   || total
-------------------------++-------
Melee: Hand axe          ||    53
       Trident           ||     4
Invok: Berserk           ||     1
Armor: Ring mail         ||    13
       Animal skin       ||     2
Dodge: Dodged            ||    34

Table legend: (Time is in decaauts)
 A = Elapsed time spent in this place.
 B = Non-inter-level travel time spent in this place.
 C = Inter-level travel time spent in this place.
 D = Time resting spent in this place.
 E = Time spent auto-exploring this place.
 F = Levels seen in this place.
 G = Mean time per level.
                   A        B        C        D        E       F      G
               +--------+--------+--------+--------+--------+-----+--------+
         Total |   1263 |   1212 |     51 |    239 |    789 |   2 |  631.5 |
       Dungeon |   1263 |   1212 |     51 |    239 |    789 |   2 |  631.5 |
               +--------+--------+--------+--------+--------+-----+--------+

Top non-repeatable levels by time:
     D:1: 1003 daAuts
     D:2: 260 daAuts
